 Dungeon Crawl Stone Soup version 0.31.0-9-g3a7656b989 (webtiles) character file.

Game seed: 14909265300143815120

97 qw the Shooter (level 4, -4/22 HPs)
             Began as a Spriggan Hunter on Feb 2, 2024.
             Killed from afar by an orc wizard (7 damage)
             ... with a magic dart
             ... on level 3 of the Dungeon.
             The game lasted 00:00:07 (1870 turns).

qw the Shooter (Spriggan Hunter)                    Turns: 1870, Time: 00:00:07

Health: -4/22      AC:  2    Str:  7    XL:     4   Next: 42%
Magic:  5/5        EV: 20    Int: 10    God:
Gold:   103        SH:  0    Dex: 20    Spells: 3/3 levels left

rFire   . . .        a - +0 shortbow
rCold   + . .        (shield currently unavailable)
rNeg    . . .        c - +0 robe
rPois   .            (helmet restricted)
rElec   .            (no cloak)
rCorr   .            (gloves unavailable)
SInv    +            (boots unavailable)
Will    +....        (no amulet)
Stlth   ++           i - ring of protection from cold
HPRegen 0.23/turn    (no ring)
MPRegen 0.09/turn

%: no passive effects
@: enlightened, flying (expiring), very quick
A: very small, no large weapons, unfitting armour, see invisible, speed 3
a: no special abilities


You were on level 3 of the Dungeon.
You visited 1 branch of the dungeon, and saw 3 of its levels.

You collected 103 gold pieces.


Innate Abilities, Weirdness & Mutations

You are very small and have problems with some larger weapons.
You are too small for most types of armour.
You have supernaturally acute eyesight. (SInv)
You cover ground extremely quickly. (Speed+++)


   Skills:
 - Level 1.5 Fighting
 - Level 5.0 Ranged Weapons
 + Level 4.9 Dodging
 - Level 1.5 Stealth


You had 3 spell levels left.
You didn't know any spells.
Your spell library was empty.

Inventory:

Hand Weapons
 a - a +0 shortbow (weapon)
Armour
 c - a +0 robe (worn)
Jewellery
 i - a ring of protection from cold (left hand)
Potions
 d - 2 potions of might
 f - a potion of curing {unknown}
 j - a potion of haste {unknown}
 l - a potion of enlightenment

Dungeon Overview and Level Annotations

Branches:
Dungeon (3/15)

Altars:
Elyvilon


Message History

The endoplasm completely misses you.
You shoot an arrow. The arrow hits the orc wizard.
The orc wizard is heavily wounded.
The orc wizard completely misses you. The orc hits you with a +0 flail.
The orc wizard hits you with a +0 dagger.
The endoplasm freezes you.
You are frozen.
You resist.
1865 ||| DRINKING potion of heal wounds.
You feel much better. The orc wizard closely misses you. The orc misses you.
The orc wizard hits you with a +0 dagger.
The endoplasm hits you but does no damage.
You shoot an arrow. The arrow barely misses the orc wizard.
The orc wizard misses you. The orc barely misses you.
The orc wizard gestures at you while chanting.
The magic dart hits you!
Ouch! That really hurt!
The endoplasm barely misses you.
You shoot an arrow.
The arrow closely misses the orc wizard.
The orc wizard closely misses you. The orc misses you.
The endoplasm hits you but does no damage.
The orc wizard closely misses you.
You shoot an arrow. The arrow hits the orc wizard!
You kill the orc wizard!
You are starting to lose your buoyancy.
The orc wizard hits you with a +0 dagger.
The orc hits you but does no damage. The endoplasm freezes you.
You are frozen.
You resist. The orc closely misses you. The orc wizard barely misses you.
The endoplasm hits you.
You shoot an arrow. The arrow hits the orc wizard!
The orc wizard is severely wounded.
The orc wizard mumbles some strange words.
The orc wizard flickers and vanishes for a moment.
The orc misses you. The endoplasm misses you.
You shoot an arrow. The arrow barely misses the orc wizard.
The orc wizard gestures at you while chanting.
The magic dart hits you!
You die...

#####
#o..#
7.@o7
#...J)..#
#.<.7.>.#
#... ...#
##7. .7##
#. .# ##
##


You could see an orc wizard (invisible), an orc and an endoplasm.

Vanquished Creatures
  An orc wizard (D:3)
  2 adders (D:2)
  2 dart slugs (D:2)
  2 ribbon worms (D:2)
  A giant cockroach (D:2)
  8 goblins
  6 hobgoblins
  2 jackals (D:1)
  A kobold (D:1)
  A quokka (D:1)
  6 ball pythons
  5 bats
  3 frilled lizards
  4 rats
44 creatures vanquished.

Notes
Turn   | Place    | Note
-------+----------+-------------------------------------------
     0 | D:1      | qw the Spriggan Hunter began the quest for the Orb.
     0 | D:1      | Reached XP level 1. HP: 10/10 MP: 2/2
     0 | D:1      | 0 ||| qw: Version: 0.3-a-155-g5e7d8dd
     0 | D:1      | 0 ||| qw: Game counter: 2354
     0 | D:1      | 0 ||| qw: Melee chars always use a shield: true
     0 | D:1      | 0 ||| qw: God list: Okawaru
     0 | D:1      | 0 ||| qw: Allow faded altars: false
     0 | D:1      | 0 ||| qw: Do Orc after clearing Dungeon:15 true
     0 | D:1      | 0 ||| qw: Do second Lair branch before Depths: true
     0 | D:1      | 0 ||| qw: Lair rune preference: random
     0 | D:1      | 0 ||| qw: Goals: Normal
     0 | D:1      | 0 ||| PLANNING D:1-11
    19 | D:1      | Reached skill level 3 in Dodging
    64 | D:1      | Reached XP level 2. HP: 14/14 MP: 3/3
   889 | D:1      | 889 ||| UPGRADING to ring of protection from cold.
   890 | D:1      | 890 ||| READING scroll labelled REZIPA GEALE.
   890 | D:1      | 890 ||| IDENTIFYING silvery potion
   891 | D:1      | 891 ||| READING scroll labelled DAEMPA QONITA.
   892 | D:1      | 892 ||| READING 3 scrolls labelled JAQAMU MIRENU.
   993 | D:1      | 993 ||| DRINKING 2 grey potions.
   994 | D:1      | 994 ||| DROPPING scroll of butterflies.
   995 | D:1      | 995 ||| DROPPING 2 scrolls of vulnerability.
  1102 | D:2      | Reached XP level 3. HP: 7/18 MP: 4/4
  1386 | D:2      | Found a white marble altar of Elyvilon.
  1542 | D:2      | HP: 4/18 [poisoned by an adder]
  1631 | D:2      | Reached skill level 5 in Ranged Weapons
  1635 | D:2      | Reached XP level 4. HP: 22/22 MP: 5/5
  1762 | D:2      | 1762 ||| READING scroll of identify.
  1762 | D:2      | 1762 ||| IDENTIFYING glowing brown potion
  1763 | D:2      | 1763 ||| READING 2 scrolls labelled PEUCWO EKUQUOT.
  1764 | D:2      | 1764 ||| READING scroll labelled SANIXESHRAR.
  1765 | D:2      | 1765 ||| DRINKING 2 bubbling silvery potions.
  1766 | D:2      | 1766 ||| FLEEEEING.
  1767 | D:2      | 1767 ||| FLEEEEING.
  1768 | D:2      | 1768 ||| FLEEEEING.
  1769 | D:2      | 1769 ||| FLEEEEING.
  1770 | D:2      | 1770 ||| FLEEEEING.
  1771 | D:2      | 1771 ||| FLEEEEING.
  1772 | D:2      | 1772 ||| FLEEEEING.
  1773 | D:2      | 1773 ||| FLEEEEING.
  1774 | D:2      | 1774 ||| FLEEEEING.
  1775 | D:2      | 1775 ||| FLEEEEING.
  1776 | D:2      | 1776 ||| FLEEEEING.
  1777 | D:2      | 1777 ||| FLEEEEING.
  1778 | D:2      | 1778 ||| FLEEEEING.
  1779 | D:2      | 1779 ||| FLEEEEING.
  1780 | D:2      | 1780 ||| FLEEEEING.
  1781 | D:2      | 1781 ||| FLEEEEING.
  1782 | D:2      | 1782 ||| FLEEEEING.
  1783 | D:2      | 1783 ||| FLEEEEING.
  1784 | D:2      | 1784 ||| FLEEEEING.
  1785 | D:2      | 1785 ||| FLEEEEING.
  1786 | D:2      | 1786 ||| FLEEEEING.
  1787 | D:2      | 1787 ||| FLEEEEING.
  1788 | D:2      | 1788 ||| FLEEEEING.
  1789 | D:2      | 1789 ||| FLEEEEING.
  1790 | D:2      | 1790 ||| FLEEEEING.
  1791 | D:2      | 1791 ||| FLEEEEING.
  1792 | D:2      | 1792 ||| FLEEEEING.
  1793 | D:2      | 1793 ||| FLEEEEING.
  1794 | D:2      | 1794 ||| FLEEEEING.
  1795 | D:2      | 1795 ||| FLEEEEING.
  1796 | D:2      | 1796 ||| FLEEEEING.
  1797 | D:2      | 1797 ||| FLEEEEING.
  1798 | D:2      | 1798 ||| FLEEEEING.
  1799 | D:2      | 1799 ||| FLEEEEING.
  1800 | D:2      | 1800 ||| FLEEEEING.
  1801 | D:2      | 1801 ||| FLEEEEING.
  1802 | D:2      | 1802 ||| FLEEEEING.
  1803 | D:2      | 1803 ||| FLEEEEING.
  1804 | D:2      | 1804 ||| FLEEEEING.
  1805 | D:2      | 1805 ||| FLEEEEING.
  1806 | D:2      | 1806 ||| FLEEEEING.
  1807 | D:2      | 1807 ||| FLEEEEING.
  1808 | D:2      | 1808 ||| FLEEEEING.
  1809 | D:2      | 1809 ||| FLEEEEING.
  1810 | D:2      | 1810 ||| FLEEEEING.
  1811 | D:2      | 1811 ||| FLEEEEING.
  1812 | D:2      | 1812 ||| FLEEEEING.
  1813 | D:2      | 1813 ||| FLEEEEING.
  1814 | D:2      | 1814 ||| FLEEEEING.
  1815 | D:2      | 1815 ||| FLEEEEING.
  1816 | D:2      | 1816 ||| FLEEEEING.
  1817 | D:2      | 1817 ||| FLEEEEING.
  1818 | D:2      | 1818 ||| FLEEEEING.
  1819 | D:2      | 1819 ||| FLEEEEING.
  1820 | D:2      | 1820 ||| FLEEEEING.
  1821 | D:2      | 1821 ||| FLEEEEING.
  1822 | D:2      | 1822 ||| FLEEEEING.
  1823 | D:2      | 1823 ||| FLEEEEING.
  1824 | D:2      | 1824 ||| FLEEEEING.
  1825 | D:2      | 1825 ||| FLEEEEING.
  1826 | D:2      | 1826 ||| DRINKING 2 viscous silvery potions.
  1827 | D:2      | 1827 ||| DROPPING potion of berserk rage.
  1828 | D:2      | 1828 ||| DROPPING potion of magic.
  1829 | D:2      | 1829 ||| DROPPING scroll of amnesia.
  1854 | D:3      | 1854 ||| STAIRDANCE
  1858 | D:3      | 1858 ||| STAIRDANCE
  1864 | D:3      | HP: 3/22 [orc wizard/+0 dagger (3)]
  1864 | D:3      | HP: 1/22 [frozen (2)]
  1865 | D:3      | 1865 ||| DRINKING potion of heal wounds.
  1870 | D:3      | Killed from afar by an orc wizard

Levels and vault maps discovered:
D:1:      dpeg_arrival_subterranean_lakeside_camping, layout_basic
D:2:      layout_loops_ring, basic_altar
D:3:      gammafunk_wand_slinger, layout_basic, ebering_ecumenical_altar_box,
          chequers_serial_rivers_room_b, grunt_ministairs_7,
          minmay_misc_feat_cross, kennysheep_potato

Skill      XL: |  1  2  3 |
---------------+----------+-----
Dodging        | 3 4 |  4.9
Ranged Weapons | 5 |  5.0
Fighting       | |  1.5
Stealth        | |  1.5

Action                     |  1- 3 |  4- 6 || total
---------------------------+-------+-------++-------
   Fire: Shortbow          |   115 |    21 ||   136
    Use: Scroll            |     3 |     3 ||     6
         Potion            |     1 |     3 ||     4
 Armour: Robe              |    15 |    15 ||    30
  Dodge: Dodged            |    34 |    24 ||    58

Table legend:
 A = Non-vault XP
 B = Vault XP
 C = Vault XP percentage of total XP
 D = Non-vault monster count
 E = Vault monster count
 F = Vault count percentage of total count
                 A         B        C        D         E       F
            +---------+---------+-------+---------+---------+-------
      Total |      94 |      45 |  32.4 |      37 |       7 |  15.9
            +---------+---------+-------+---------+---------+-------
        D:1 |      26 |       9 |  25.7 |      16 |       6 |  27.3
        D:2 |      68 |       0 |   0.0 |      21 |       0 |   0.0
        D:3 |       0 |      36 | 100.0 |       0 |       1 | 100.0
            +---------+---------+-------+---------+---------+-------
